 Dungeon Crawl Stone Soup version 0.30-a0-743-gbfdf073431 (webtiles) character file.

Game seed: 6963840031213664978

112 Ajdolov the Sneak (level 4, -5/23 HPs)
             Began as a Vine Stalker Brigand on Feb 5, 2023.
             Splashed by a jelly's acid (10 damage)
             ... on level 4 of the Dungeon.
             The game lasted 00:03:14 (1867 turns).

Ajdolov the Sneak (Vine Stalker Brigand)            Turns: 1867, Time: 00:03:14

Health: -5/23      AC: -4    Str: 13    XL:     4   Next: 93%
Magic:  0/5        EV: 11    Int: 11    God:
Gold:   197        SH:  0    Dex: 18    Spells: 3/3 levels left

rFire   . . .      SeeInvis .    a - +2 dagger
rCold   . . .      Faith    .    (no shield)
rNeg    . . .      Spirit   +    b - +0 robe
rPois   .          Reflect  .    (no helmet)
rElec   .          Harm     .    c - +0 cloak
rCorr   .          Rampage  .    (no gloves)
Will    .....                    g - +0 pair of boots
Stlth   ++++                     (no amulet)
HPRegen 1.03/turn                (no ring)
MPRegen 0.09/turn                (no ring)

@: corroded
A: fangs 2, regeneration 1, magic shield, antimagic bite, no potion heal 2
a: no special abilities


You were on level 4 of the Dungeon.
You visited 1 branch of the dungeon, and saw 4 of its levels.

You collected 197 gold pieces.

Inventory:

Hand Weapons
 a - a +2 dagger (weapon)
Missiles
 d - 9 poisoned darts (quivered)
 e - 3 curare-tipped darts
 o - a throwing net
Armour
 b - a +0 robe (worn)
 c - a +0 cloak (worn)
 g - a +0 pair of boots (worn)
Scrolls
 f - 6 scrolls of identify {unknown}
 i - a scroll of noise {unknown}
 k - a scroll of amnesia {unknown}
 l - a scroll of poison {unknown}
 m - 2 scrolls of teleportation {unknown}
 n - a scroll of fear {unknown}
 p - a scroll of fog {unknown}
Potions
 h - a potion of berserk rage {unknown}
 j - 4 potions of curing {unknown}


   Skills:
 - Level 1.7 Fighting
 + Level 2.9 Short Blades
 - Level 1.7 Throwing
 - Level 0.7 Dodging
 * Level 6.9 Stealth


You had 3 spell levels left.
You didn't know any spells.
Your spell library contained the following spells:

 Spells                   Type           Power      Damage    Failure   Level
 Kiss of Death            Conj/Necr      0%         2d5       34%         1
 Magic Dart               Conj           0%         1d3       34%         1
 Call Imp                 Summ           0%         N/A       47%         2
 Confusing Touch          Hex            0%         N/A       71%         3
 Mephitic Cloud           Conj/Pois/Air  0%         N/A       71%         3
 Dispel Undead            Necr           0%         3d6       98%         4


Dungeon Overview and Level Annotations

Branches:
Dungeon (4/15)
 Temple: D:4-7

Altars:
Uskayaw
Xom

Shops:
D:2 :


Innate Abilities, Weirdness & Mutations

You have extremely sharp teeth.
Your natural rate of healing is unusually fast.
When hurt, damage is shared between your health and your magic reserves.
Your bite disrupts and absorbs the magic of your enemies.
Potions cannot restore your health.


Message History

You kill the goblin!
You now have 197 gold pieces (gained 9).
Found 5 stones.
A kobold comes into view. It is wielding a +0 dagger.
A kobold is nearby!
Found a lajatang.
You barely miss the kobold. The kobold hits you with a +0 dagger.
You closely miss the kobold. Your bite misses the kobold.
The kobold hits you with a +0 dagger.
You miss the kobold. You bite the kobold. You drain its power.
The kobold is heavily wounded.
The kobold closely misses you.
You hit the kobold.
The kobold is severely wounded.
The kobold hits you with a +0 dagger.
You hit the kobold.
You kill the kobold!
No target in view!
No target in view!
Things that are here:
a +0 dagger; a kobold corpse A jelly comes into view.
The jelly quivers.
The jelly hits you but does no damage.
You hit the jelly.
Your hands burn!
The jelly is lightly wounded.
You hit the jelly but do no damage. The acid corrodes you!
Your hands burn!
You bite the jelly. You drain its power.
You feel invigorated.
The jelly is moderately wounded.
The jelly misses you.
You hit the jelly but do no damage.
Your hands burn!
The jelly is moderately wounded.
The jelly hits you. The acid corrodes you!
You are splashed with acid!
You hit the jelly but do no damage.
Your hands burn!
* * * LOW HITPOINT WARNING * * *
The jelly is lightly wounded.
The jelly hits you.
* * * LOW HITPOINT WARNING * * *
You are splashed with acid!
You die...

## .. #. ..
##.#####.#
........
#.)....
##.....#
####...J#.#.###
.....#.@.......
#....#.#.###
##.#.#.#.# .#
#.#.#.#.#####.#
#..)..........
#####.####...
#.....##.# ##
#.#.#.#..# ...
#.#......#....


You could see a jelly.

Vanquished Creatures
  3 adders
  A worm (D:2)
  6 ball pythons
  7 endoplasms
  3 giant cockroaches
  8 goblins
  6 hobgoblins
  7 jackals
  4 quokkas
  9 bats
  2 frilled lizards
  11 kobolds
  4 rats (D:1)
71 creatures vanquished.

Notes
Turn   | Place    | Note
-------+----------+-------------------------------------------
     0 | D:1      | Ajdolov the Vine Stalker Brigand began the quest for the
                  | Orb.
     0 | D:1      | Reached XP level 1. HP: 11/11 MP: 2/2
    79 | D:1      | Reached skill level 5 in Stealth
   124 | D:1      | Reached XP level 2. HP: 14/15 MP: 3/3
   357 | D:1      | Found a faded altar of an unknown god.
   374 | D:1      | Reached XP level 3. HP: 17/18 MP: 4/4
   466 | D:1      | You fall into a shaft and drop 1 floor!
   579 | D:1      | Reached skill level 6 in Stealth
   902 | D:2      | Found Hakhim's Book Boutique.
   906 | D:2      | Gained mutation: Your natural rate of healing is unusually
                  | fast. [Vine Stalker growth]
   906 | D:2      | Reached XP level 4. HP: 23/23 MP: 5/5
  1501 | D:3      | Noticed a +0 hand axe
  1502 | D:3      | Found a hide-covered altar of Uskayaw.
  1502 | D:3      | Noticed a +0 dagger
  1838 | D:4      | Found a shimmering altar of Xom.
  1867 | D:4      | Splashed by a jelly's acid

Illustrated notes

Levels and vault maps discovered:
D:1:      roderic_chinese_lattice_arrival, layout_rooms, basic_ecumenical_altar
D:2:      layout_basic, serial_shops, nicolae_shop_crystal
D:3:      layout_basic, dancing_weapons_uskayaw, chequers_avenue
D:4:      layout_loops_ring, lemuel_tele_altar, nicolae_qazlal_eye_of_the_storm,
          nemelex_diamond_rough_becter, uniq_edmund

Skill      XL: |  1  2  3 |
---------------+----------+-----
Stealth        | 5 6 |  6.9
Short Blades   | 2 |  2.9
Fighting       | |  1.7
Throwing       | |  1.7
Dodging        | |  0.7

Action                     |  1- 3 |  4- 6 || total
---------------------------+-------+-------++-------
  Melee: Dagger            |   123 |    76 ||   199
         Bite              |    32 |    17 ||    49
         Punch             |     1 |       ||     1
   Stab: Sleeping          |     9 |    11 ||    20
 Armour: Robe              |    62 |     8 ||    70
  Dodge: Dodged            |    99 |    34 ||   133

Table legend: (Time is in decaauts)
 A = Elapsed time spent in this place.
 B = Non-inter-level travel time spent in this place.
 C = Inter-level travel time spent in this place.
 D = Time resting spent in this place.
 E = Time spent auto-exploring this place.
 F = Levels seen in this place.
 G = Mean time per level.
                   A        B        C        D        E       F      G
               +--------+--------+--------+--------+--------+-----+--------+
         Total |   1842 |   1794 |     48 |      0 |   1257 |   4 |  460.5 |
       Dungeon |   1842 |   1794 |     48 |      0 |   1257 |   4 |  460.5 |
               +--------+--------+--------+--------+--------+-----+--------+

Top non-repeatable levels by time:
     D:2: 739 daAuts
     D:1: 596 daAuts
     D:3: 454 daAuts
     D:4: 52 daAuts
